General information
- name: BNet
- type: Ladder team game (AT/RT)
- host: Battle.net
- saver: Ra.
map: Deadlock
- players: 8
- length: 65:41
- speed: Fast
- version: 1.26 W3XP
- replay type: Public
» download(374 KB)
Players
team 1 (loser)
YaYiP (
blue | 40 APM | 1250 actions | 31:00)
4 Paladin
2 Holy Light
1 Devotion Aura
1 Divine Shield
2 Archmage
1 Blizzard
1 Brilliance Aura
2 Mountain King
1 Storm Bolt
1 Bash
» actions
| Assign group hotkey | 49 | |
| Basic commands | 74 | |
| Build / train | 120 | |
| Enter build submenu | 32 | |
| Enter hero's abilities submenu | 9 | |
| Give item / drop item | 1 | |
| Remove unit from queue | 4 | |
| Right click | 151 | |
| Select / deselect | 330 | |
| Select group hotkey | 348 | |
| Use ability | 132 | |
1250 total
» units
| Peasant | 17 | |
| Footman | 17 | |
| Mortar Team | 3 | |
| Siege Engine | 12 | |
| Knight | 11 | |
| Sorceress | 4 | |
| Priest | 3 | |
67 total
» upgrades
| Swords | 1 | |
| Plating | 1 | |
| Defend | 1 | |
| Barrage | 1 | |
| Animal War Training | 1 | |
| Magic Sentry | 1 | |
| Priest Training | 3 | |
| Sorceress Training | 2 | |
| Lumber Harvesting | 2 | |
13 total
» buildings
| Altar of Kings | 1 | |
| Barracks | 1 | |
| Farm | 15 | |
| Arcane Vault | 1 | |
| Lumber Mill | 1 | |
| Blacksmith | 1 | |
| Town Hall | 2 | |
| Scout Tower | 26 | |
| Keep | 1 | |
| Workshop | 1 | |
| Arcane Tower | 2 | |
| Guard Tower | 18 | |
| Castle | 1 | |
| Arcane Sanctum | 1 | |
72 total
» build order
00:10 Altar of Kings
00:13 Barracks
00:21 Farm
00:22 Farm
00:24 Farm
00:25 Farm
01:51 Farm
01:52 Farm
03:13 Arcane Vault
03:22 Lumber Mill
04:34 Blacksmith
05:04 Town Hall
05:07 Scout Tower
05:09 Scout Tower
06:34 Keep
06:38 Farm
06:39 Farm
08:07 Scout Tower
08:09 Scout Tower
09:11 Scout Tower
10:16 Workshop
10:19 Scout Tower
10:25 Arcane Tower
10:26 Guard Tower
10:30 Arcane Tower
10:32 Guard Tower
10:34 Castle
10:51 Guard Tower
10:57 Scout Tower
10:59 Scout Tower
11:28 Arcane Sanctum
11:58 Guard Tower
12:01 Guard Tower
12:05 Scout Tower
12:06 Scout Tower
12:58 Farm
12:59 Farm
13:27 Guard Tower
13:31 Scout Tower
14:31 Scout Tower
14:43 Guard Tower
15:13 Guard Tower
15:26 Farm
15:27 Farm
15:28 Farm
15:32 Scout Tower
15:34 Scout Tower
16:13 Guard Tower
18:57 Farm
18:58 Farm
19:02 Guard Tower
19:07 Scout Tower
19:08 Scout Tower
24:42 Guard Tower
24:47 Scout Tower
24:48 Scout Tower
24:52 Scout Tower
24:53 Scout Tower
24:54 Scout Tower
25:12 Guard Tower
25:19 Guard Tower
25:22 Guard Tower
25:28 Scout Tower
25:29 Scout Tower
25:37 Scout Tower
25:56 Guard Tower
26:02 Scout Tower
26:03 Scout Tower
26:19 Guard Tower
26:32 Guard Tower
26:36 Guard Tower
27:00 Town Hall
» items
| Scroll of Regeneration | 3 | |
| Orb of Fire | 1 | |
| Scroll of Town Portal | 1 | |
5 total
TooManyRequests (
pink | 102 APM | 6686 actions | 65:41)
6 Blademaster
3 Wind Walk
2 Critical Strike
1 Bladestorm
5 Tauren Chieftain
2 War Stomp
3 Endurance Aura
» actions
| Assign group hotkey | 12 | |
| Basic commands | 57 | |
| Build / train | 126 | |
| Enter build submenu | 70 | |
| Enter hero's abilities submenu | 11 | |
| Give item / drop item | 8 | |
| Right click | 3869 | |
| Select / deselect | 511 | |
| Select group hotkey | 1764 | |
| Use ability | 258 | |
6686 total
» units
| Peon | 56 | |
| Grunt | 3 | |
| Tauren | 4 | |
| Shaman | 2 | |
| Troll Witch Doctor | 2 | |
67 total
» upgrades
| Spiked Barricades | 1 | |
| Melee Weapons | 2 | |
| Pulverize | 1 | |
| Reinforced Defenses | 1 | |
| Shaman Training | 2 | |
| Armor | 1 | |
| Witch Doctor Training | 2 | |
10 total
» buildings
| Orc Burrow | 8 | |
| Altar of Storms | 3 | |
| Barracks | 1 | |
| Voodoo Lounge | 1 | |
| Stronghold | 1 | |
| Great Hall | 14 | |
| War Mill | 2 | |
| Fortress | 1 | |
| Watch Tower | 33 | |
| Tauren Totem | 3 | |
| Spirit Lodge | 2 | |
| Beastiary | 2 | |
71 total
» build order
00:20 Orc Burrow
00:36 Altar of Storms
00:50 Barracks
01:36 Orc Burrow
01:56 Voodoo Lounge
03:41 Stronghold
04:08 Great Hall
04:22 Orc Burrow
04:57 War Mill
06:15 Great Hall
06:49 Fortress
08:08 Watch Tower
08:09 Watch Tower
08:30 Great Hall
08:59 Watch Tower
09:38 Tauren Totem
09:39 Tauren Totem
09:40 Tauren Totem
09:42 Watch Tower
10:07 Great Hall
10:09 Orc Burrow
11:43 Great Hall
11:50 Great Hall
11:58 Watch Tower
12:27 Spirit Lodge
12:30 Spirit Lodge
14:45 Watch Tower
14:46 Watch Tower
16:19 Great Hall
16:31 Watch Tower
18:25 Watch Tower
18:28 Orc Burrow
19:26 Watch Tower
20:19 Great Hall
22:09 Watch Tower
22:13 Watch Tower
22:14 Watch Tower
22:40 Orc Burrow
22:41 Watch Tower
23:22 Watch Tower
23:25 Watch Tower
23:46 War Mill
24:26 Watch Tower
25:46 Watch Tower
25:47 Watch Tower
25:48 Watch Tower
25:51 Watch Tower
27:23 Beastiary
27:25 Beastiary
28:08 Watch Tower
28:09 Watch Tower
30:11 Great Hall
31:58 Watch Tower
31:59 Watch Tower
31:59 Watch Tower
33:07 Great Hall
33:10 Great Hall
34:55 Watch Tower
34:57 Watch Tower
39:21 Watch Tower
39:22 Watch Tower
40:13 Watch Tower
40:14 Watch Tower
40:16 Watch Tower
42:30 Great Hall
42:58 Great Hall
43:01 Altar of Storms
43:53 Altar of Storms
43:56 Orc Burrow
45:19 Great Hall
57:47 Orc Burrow
» items
| Healing Salve | 9 | |
| Staff of Teleportation | 2 | |
| Periapt of Vitality | 1 | |
| Boots of Speed | 2 | |
| Orb of Lightning | 1 | |
| Scroll of Town Portal | 7 | |
| Scroll of Regeneration | 2 | |
| Staff of Sanctuary | 2 | |
| Orb of Corruption | 1 | |
| Scroll of Healing | 1 | |
| Scroll of Speed | 1 | |
| Lesser Clarity Potion | 2 | |
| Potion of Mana | 2 | |
| Potion of Lesser Invulnerability | 1 | |
34 total
Ra. (
purple | 86 APM | 5681 actions | 65:41)
9 Archmage
3 Summon Water Elemental
3 Brilliance Aura
2 Blizzard
1 Mass Teleport
» actions
| Assign group hotkey | 123 | |
| Basic commands | 408 | |
| Build / train | 245 | |
| ESC pressed | 11 | |
| Enter build submenu | 71 | |
| Enter hero's abilities submenu | 10 | |
| Give item / drop item | 7 | |
| Right click | 2162 | |
| Select / deselect | 656 | |
| Select group hotkey | 1605 | |
| Use ability | 382 | |
5681 total
» units
| Peasant | 28 | |
| Footman | 5 | |
| Sorceress | 1 | |
| Gryphon Rider | 9 | |
| Dragonhawk Rider | 13 | |
| Siege Engine | 7 | |
| Flying Machine | 9 | |
72 total
» upgrades
| Masonry | 4 | |
| Swords | 3 | |
| Lumber Harvesting | 2 | |
| Sorceress Training | 2 | |
| Armor | 3 | |
| Animal War Training | 1 | |
| Storm Hammers | 1 | |
| Magic Sentry | 1 | |
| Cloud | 1 | |
| Plating | 3 | |
| Barrage | 1 | |
| Gunpowder | 3 | |
| Flak Cannons | 1 | |
| Flying Machine Bombs | 1 | |
27 total
» buildings
| Altar of Kings | 2 | |
| Barracks | 1 | |
| Farm | 13 | |
| Arcane Vault | 1 | |
| Lumber Mill | 2 | |
| Town Hall | 6 | |
| Keep | 8 | |
| Blacksmith | 2 | |
| Castle | 11 | |
| Arcane Sanctum | 1 | |
| Gryphon Aviary | 10 | |
| Scout Tower | 32 | |
| Guard Tower | 65 | |
| Workshop | 4 | |
158 total
» build order
00:52 Altar of Kings
00:54 Barracks
00:55 Farm
01:05 Farm
01:17 Farm
02:03 Arcane Vault
02:09 Farm
02:50 Lumber Mill
04:13 Town Hall
04:30 Keep
04:30 Keep
05:10 Blacksmith
05:13 Blacksmith
08:41 Castle
08:41 Castle
08:44 Arcane Sanctum
09:00 Gryphon Aviary
09:02 Gryphon Aviary
09:12 Scout Tower
12:43 Farm
12:52 Guard Tower
12:52 Guard Tower
14:08 Scout Tower
14:08 Scout Tower
14:11 Scout Tower
14:11 Scout Tower
18:23 Gryphon Aviary
18:24 Gryphon Aviary
21:39 Keep
21:39 Keep
22:41 Guard Tower
22:42 Guard Tower
23:41 Lumber Mill
24:06 Altar of Kings
25:44 Town Hall
27:16 Castle
27:16 Castle
27:17 Castle
27:21 Gryphon Aviary
27:46 Workshop
27:49 Workshop
29:27 Scout Tower
29:28 Scout Tower
29:30 Scout Tower
29:31 Scout Tower
29:32 Scout Tower
30:12 Guard Tower
30:12 Guard Tower
30:16 Guard Tower
30:17 Guard Tower
30:27 Guard Tower
30:27 Guard Tower
30:43 Guard Tower
30:43 Guard Tower
30:43 Guard Tower
30:47 Guard Tower
34:18 Keep
35:06 Scout Tower
35:07 Scout Tower
35:09 Scout Tower
35:10 Scout Tower
35:10 Scout Tower
35:12 Scout Tower
35:14 Scout Tower
35:22 Town Hall
35:41 Guard Tower
35:41 Guard Tower
35:42 Guard Tower
35:42 Guard Tower
35:42 Guard Tower
35:43 Guard Tower
35:44 Guard Tower
35:44 Guard Tower
35:44 Guard Tower
35:45 Guard Tower
35:46 Guard Tower
35:47 Guard Tower
40:18 Town Hall
43:41 Workshop
43:43 Workshop
44:07 Town Hall
45:54 Castle
45:54 Castle
45:55 Castle
48:43 Town Hall
50:14 Farm
50:50 Gryphon Aviary
50:55 Farm
50:56 Farm
59:51 Gryphon Aviary
59:52 Gryphon Aviary
59:55 Gryphon Aviary
59:56 Gryphon Aviary
60:15 Farm
60:17 Farm
60:19 Farm
61:01 Farm
61:05 Farm
62:17 Scout Tower
62:18 Scout Tower
62:20 Scout Tower
62:21 Scout Tower
62:22 Scout Tower
62:23 Scout Tower
62:27 Scout Tower
62:27 Scout Tower
62:28 Scout Tower
62:29 Scout Tower
62:30 Scout Tower
62:31 Scout Tower
63:01 Guard Tower
63:01 Guard Tower
63:01 Guard Tower
63:24 Guard Tower
63:25 Guard Tower
63:25 Guard Tower
63:28 Guard Tower
63:28 Guard Tower
63:28 Guard Tower
63:29 Guard Tower
63:29 Guard Tower
63:29 Guard Tower
63:30 Guard Tower
63:30 Guard Tower
63:30 Guard Tower
63:30 Guard Tower
63:31 Guard Tower
63:31 Guard Tower
63:31 Guard Tower
63:34 Scout Tower
63:35 Scout Tower
63:42 Scout Tower
64:11 Guard Tower
64:11 Guard Tower
» items
| Periapt of Vitality | 1 | |
| Staff of Teleportation | 1 | |
| Scroll of Regeneration | 7 | |
| Lesser Clarity Potion | 1 | |
| Scroll of Town Portal | 4 | |
| Tome of Retraining | 2 | |
| Potion of Invisibility | 2 | |
| Potion of Healing | 3 | |
| Staff of Sanctuary | 1 | |
| Mechanical Critter | 2 | |
24 total

»
agentknox666 (
orange | 67 APM | 2395 actions | 35:33)
4 Death Knight
2 Death Coil
2 Unholy Aura
3 Dreadlord
1 Carrion Swarm
2 Vampiric Aura
3 Crypt Lord
1 Carrion Beetles
2 Spiked Carapace
» actions
| Build / train | 236 | |
| Enter build submenu | 25 | |
| Enter hero's abilities submenu | 10 | |
| Remove unit from queue | 5 | |
| Right click | 1472 | |
| Select / deselect | 556 | |
| Use ability | 91 | |
2395 total
» units
| Acolyte | 28 | |
| Ghoul | 22 | |
| Crypt Fiend | 37 | |
| Gargoyle | 26 | |
| Frost Wyrm | 23 | |
| Obsidian Statue | 8 | |
| Abomination | -1 | |
143 total
» upgrades
| Creature Attack | 2 | |
| Creature Carapace | 2 | |
| Web | 1 | |
| Freezing Breath | 1 | |
| Destroyer Form | 1 | |
7 total
» buildings
| Altar of Darkness | 1 | |
| Crypt | 3 | |
| Ziggurat | 10 | |
| Graveyard | 1 | |
| Nerubian Tower | 4 | |
| Spirit Tower | 16 | |
| Tomb of Relics | 1 | |
| Halls of the Dead | 4 | |
| Black Citadel | 3 | |
| Sacrificial Pit | 1 | |
| Slaughterhouse | 1 | |
| Boneyard | 2 | |
47 total
» build order
00:09 Altar of Darkness
00:27 Crypt
00:31 Ziggurat
00:47 Crypt
01:09 Graveyard
01:27 Nerubian Tower
01:42 Ziggurat
01:44 Ziggurat
02:08 Ziggurat
02:35 Crypt
02:59 Spirit Tower
02:59 Spirit Tower
04:41 Spirit Tower
04:41 Spirit Tower
04:57 Ziggurat
05:39 Tomb of Relics
06:14 Nerubian Tower
06:14 Nerubian Tower
06:29 Ziggurat
07:16 Halls of the Dead
07:16 Halls of the Dead
10:53 Spirit Tower
11:33 Ziggurat
12:09 Black Citadel
12:09 Black Citadel
13:47 Spirit Tower
16:29 Sacrificial Pit
16:32 Ziggurat
17:10 Slaughterhouse
18:17 Boneyard
18:18 Spirit Tower
18:18 Spirit Tower
18:19 Spirit Tower
18:49 Boneyard
19:17 Ziggurat
19:23 Ziggurat
22:01 Spirit Tower
22:03 Spirit Tower
22:03 Spirit Tower
» items
| Potion of Healing | 5 | |
| Scroll of Town Portal | 1 | |
6 total
team 2 (winner)
newleaf (
teal | 52 APM | 3400 actions | 65:41)
10 Pandaren Brewmaster
3 Breath of Fire
3 Drunken Haze
1 Storm Earth and Fire
3 Drunken Brawler
9 Pit Lord
3 Rain of Fire
3 Cleaving Attack
1 Doom
2 Howl of Terror
» actions
| Assign group hotkey | 37 | |
| Basic commands | 397 | |
| Build / train | 112 | |
| ESC pressed | 19 | |
| Enter build submenu | 25 | |
| Enter hero's abilities submenu | 19 | |
| Give item / drop item | 3 | |
| Right click | 785 | |
| Select / deselect | 527 | |
| Select group hotkey | 1159 | |
| Use ability | 317 | |
3400 total
» units
| Wisp | 30 | |
| Archer | 6 | |
| Hippogryph | 16 | |
| Druid of the Claw | 8 | |
60 total
» upgrades
| Improved Bows | 1 | |
| Ultravision | 1 | |
| Well Spring | 1 | |
| Druid of the Claw Training | 2 | |
| Strength of the Wild | 3 | |
| Mark of the Claw | 1 | |
| Reinforced Hides | 2 | |
| Nature's Blessing | 1 | |
12 total
» buildings
| Moon Well | 9 | |
| Altar of Elders | 1 | |
| Ancient of War | 1 | |
| Ancient of Wonders | 1 | |
| Tree of Ages | 2 | |
| Hunter's Hall | 1 | |
| Tree of Life | 10 | |
| Tree of Eternity | 1 | |
| Ancient of Wind | 2 | |
| Ancient of Lore | 2 | |
30 total
» build order
00:14 Moon Well
00:21 Altar of Elders
00:33 Ancient of War
01:27 Moon Well
02:35 Ancient of Wonders
03:17 Tree of Ages
03:46 Moon Well
05:09 Moon Well
05:13 Hunter's Hall
05:35 Tree of Life
08:03 Tree of Eternity
09:02 Ancient of Wind
09:05 Ancient of Wind
10:21 Ancient of Lore
11:00 Ancient of Lore
11:52 Moon Well
11:53 Moon Well
14:54 Moon Well
14:55 Moon Well
26:06 Tree of Life
27:47 Tree of Life
31:39 Tree of Life
33:56 Moon Well
34:00 Tree of Life
34:47 Tree of Life
37:44 Tree of Life
40:23 Tree of Life
40:27 Tree of Life
42:25 Tree of Ages
43:53 Tree of Life
» items
| Boots of Speed | 1 | |
| Staff of Preservation | 1 | |
| Dust of Appearance | 1 | |
| Scroll of Town Portal | 5 | |
| Orb of Lightning | 1 | |
| Lesser Clarity Potion | 4 | |
| Orb of Venom | 1 | |
| Moonstone | 1 | |
| Potion of Mana | 1 | |
16 total

»
No-Surrender (
green | 16 APM | 1037 actions | 65:41)
3 Far Seer
2 Feral Spirit
1 Chain Lighting
1 Shadow Hunter
1 Hex
» actions
| Assign group hotkey | 20 | |
| Basic commands | 39 | |
| Build / train | 90 | |
| Enter build submenu | 25 | |
| Enter hero's abilities submenu | 5 | |
| Give item / drop item | 1 | |
| Right click | 455 | |
| Select / deselect | 249 | |
| Select group hotkey | 46 | |
| Use ability | 107 | |
1037 total
» units
| Peon | 19 | |
| Grunt | 7 | |
| Troll Headhunter/Berserker | 15 | |
| Razormane Medicine Man | 2 | |
| Centaur Outrunner | 3 | |
46 total
» upgrades
| Pillage | 1 | |
| Spiked Barricades | 1 | |
| Armor | 2 | |
| Ranged Weapons | 2 | |
| Melee Weapons | 1 | |
| Troll Regeneration | 1 | |
| Berserker Upgrade | 2 | |
| Reinforced Defenses | 1 | |
11 total
» buildings
| Altar of Storms | 1 | |
| Orc Burrow | 7 | |
| Barracks | 1 | |
| Voodoo Lounge | 1 | |
| War Mill | 1 | |
| Stronghold | 1 | |
| Fortress | 1 | |
| Great Hall | 2 | |
| Watch Tower | 7 | |
22 total
» build order
00:17 Altar of Storms
00:22 Orc Burrow
00:45 Barracks
01:19 Voodoo Lounge
03:34 Orc Burrow
04:12 War Mill
04:48 Orc Burrow
05:10 Stronghold
07:44 Fortress
08:40 Great Hall
10:03 Great Hall
11:17 Orc Burrow
11:33 Orc Burrow
12:35 Orc Burrow
18:46 Watch Tower
19:04 Watch Tower
19:08 Watch Tower
21:00 Watch Tower
21:20 Watch Tower
22:26 Watch Tower
22:31 Watch Tower
24:29 Orc Burrow
» items
| Healing Salve | 3 | |
| Lesser Clarity Potion | 3 | |
| Scroll of Speed | 2 | |
| Potion of Healing | 2 | |
| Orb of Lightning | 4 | |
| Scroll of Town Portal | 3 | |
17 total
HopeBeThe1 (
red | 27 APM | 601 actions | 22:00)
3 Demon Hunter
2 Immolation
1 Evasion
» actions
| Assign group hotkey | 2 | |
| Build / train | 40 | |
| Enter build submenu | 23 | |
| Enter hero's abilities submenu | 3 | |
| Remove unit from queue | 2 | |
| Right click | 315 | |
| Select / deselect | 182 | |
| Use ability | 34 | |
601 total
» units
» upgrades
» buildings
| Altar of Elders | 1 | |
| Moon Well | 10 | |
| Hunter's Hall | 1 | |
| Ancient of War | 2 | |
| Tree of Ages | 1 | |
| Ancient Protector | 1 | |
| Tree of Eternity | 1 | |
| Ancient of Wind | 1 | |
| Chimaera Roost | 3 | |
| Ancient of Wonders | 1 | |
22 total
» build order
01:00 Altar of Elders
01:02 Moon Well
01:17 Hunter's Hall
02:19 Moon Well
02:55 Ancient of War
02:56 Ancient of War
03:43 Moon Well
03:48 Tree of Ages
06:54 Ancient Protector
09:40 Tree of Eternity
09:52 Moon Well
10:55 Moon Well
11:25 Ancient of Wind
11:47 Moon Well
12:52 Chimaera Roost
14:31 Chimaera Roost
15:14 Chimaera Roost
16:07 Moon Well
16:42 Moon Well
18:07 Moon Well
18:42 Ancient of Wonders
19:13 Moon Well
» items
HeruRaHa (
yellow | 36 APM | 2381 actions | 65:35)
10 Death Knight
3 Death Coil
3 Unholy Aura
1 Animate Dead
3 Death Pact
» actions
| Assign group hotkey | 47 | |
| Basic commands | 137 | |
| Build / train | 82 | |
| Enter build submenu | 28 | |
| Enter hero's abilities submenu | 10 | |
| Give item / drop item | 6 | |
| Remove unit from queue | 1 | |
| Right click | 1322 | |
| Select / deselect | 361 | |
| Select group hotkey | 271 | |
| Use ability | 116 | |
2381 total
» units
| Acolyte | 15 | |
| Ghoul | 7 | |
| Crypt Fiend | 2 | |
| Frost Wyrm | 14 | |
| Wisp | 1 | |
39 total
» upgrades
| Creature Attack | 3 | |
| Creature Carapace | 3 | |
| Freezing Breath | 1 | |
7 total
» buildings
| Crypt | 1 | |
| Ziggurat | 14 | |
| Altar of Darkness | 1 | |
| Graveyard | 1 | |
| Tomb of Relics | 1 | |
| Halls of the Dead | 4 | |
| Black Citadel | 1 | |
| Nerubian Tower | 1 | |
| Spirit Tower | 3 | |
| Sacrificial Pit | 1 | |
| Boneyard | 3 | |
| Moon Well | 10 | |
| Tree of Life | 1 | |
42 total
» build order
00:09 Crypt
00:12 Ziggurat
00:46 Altar of Darkness
01:00 Graveyard
01:38 Ziggurat
02:40 Tomb of Relics
03:50 Halls of the Dead
03:51 Halls of the Dead
03:51 Halls of the Dead
08:34 Black Citadel
08:36 Nerubian Tower
08:38 Spirit Tower
09:09 Sacrificial Pit
09:16 Ziggurat
09:16 Ziggurat
09:17 Ziggurat
09:18 Ziggurat
09:19 Ziggurat
10:13 Spirit Tower
10:59 Boneyard
11:02 Boneyard
11:04 Boneyard
25:58 Ziggurat
25:59 Ziggurat
25:59 Ziggurat
25:59 Ziggurat
26:00 Ziggurat
28:10 Spirit Tower
28:12 Ziggurat
28:14 Ziggurat
29:22 Moon Well
29:24 Moon Well
29:26 Moon Well
36:11 Moon Well
36:11 Moon Well
36:11 Moon Well
36:12 Moon Well
36:12 Moon Well
36:12 Moon Well
36:13 Moon Well
53:46 Tree of Life
» items
| Rod of Necromancy | 1 | |
| Orb of Corruption | 1 | |
| Boots of Speed | 1 | |
| Periapt of Vitality | 1 | |
| Scroll of Town Portal | 5 | |
| Scroll of Healing | 3 | |
| Dust of Appearance | 2 | |
| Potion of Invisibility | 1 | |
15 total
Chat log
(00:20 / All) Ra.: The gods are glad when they see Ra in his rising; his beams flood the world with light. The majesty of the god, who is to be
(00:27 / All) Ra.: feared, setteth forth and cometh unto the land of the setting Sun
(00:32 / All) TooManyRequests: all praise be to Ra
(00:34 / Allies) YaYiP: ra is a team killer
(00:37 / All) HopeBeThe1: rA
(00:39 / All) TooManyRequests: KNEEL
(00:40 / All) Ra.: He maketh bright the earth at his birth each day, he cometh unto the place where he was yesterday
(00:41 / All) TooManyRequests: BEFORE RA
(00:45 / Allies) Ra.: Oh, why do you say that?
(00:47 / All) newleaf: nah
(00:52 / All) newleaf: IN HO TEP
(00:54 / All) newleaf: IN HO TEP
(00:56 / All) newleaf: IN HO TEP
(00:58 / Allies) TooManyRequests: RA will not TK
(00:59 / Allies) YaYiP: played with u before i remember
(01:00 / Allies) TooManyRequests: he is my god
(01:02 / All) No-Surrender: lay off the crack pipe ace
(01:09 / Allies) Ra.: Yeah
(01:10 / All) TooManyRequests: kneel
(01:12 / Allies) Ra.: I'm not going to tk
(01:12 / All) TooManyRequests: before Ra
(01:13 / Allies) Ra.: Relax
(01:19 / All) newleaf: no kneel before inhotep
(01:21 / All) TooManyRequests: he is a dark and vengeful god
(01:27 / All) TooManyRequests: kneel or be slain
(01:36 / All) newleaf: lol he is the sun god not that dark
(01:45 / All) TooManyRequests: he burns the very sun
(01:46 / All) Ra.: May he grant unto the ka of Osiris to behold the disk of the Sun and to see the Moon-god without ceasing, every day; and may my
(01:48 / All) newleaf: pretty bright actually
(01:51 / All) No-Surrender: damn squelch in a real option
(01:57 / All) Ra.: soul come forth and walk hither and thither and whithensoever it pleaseth
(01:58 / All) No-Surrender: IS*
(02:08 / Allies) TooManyRequests: i like this dude
(02:11 / All) TooManyRequests: KNEE
(02:12 / All) TooManyRequests: KNEEL
(02:18 / Allies) YaYiP: i kneel
(02:20 / All) TooManyRequests: or be burned
(02:22 / All) TooManyRequests: to cinders
(02:24 / All) Ra.: May my name be proclaimed when it is found upon the board of the table of offerings in the home of the She-Bear
(02:33 / All) Ra.: May offerings be made unto me in my presence, even as they are made unto the cub followers of Horus
(02:37 / All) No-Surrender: SQUELCHED
(02:47 / All) TooManyRequests: you can not drown out his voice
(02:49 / All) No-Surrender: BABBLE AWAY PIGSHIT
(02:50 / All) TooManyRequests: for he is Ra
(03:02 / All) Ra.: I will come and crush him like a tidal wave of vengeance for such an act of treachery
(03:02 / All) TooManyRequests: you can not blot out the sun
(05:49 / Allies) agentknox666: cancel
(05:50 / Allies) agentknox666: pink
(06:06 / All) Ra.: Praise be to the one who will slay red, for he is a clear enemy of Ra by such an act as slaying a chosen follower's expo
(06:16 / All) TooManyRequests: LOL
(06:37 / All) TooManyRequests: PRAISE
(06:38 / All) TooManyRequests: BE TO OJ
(06:59 / Allies) agentknox666: b
(06:59 / Allies) agentknox666: b
(07:02 / Allies) TooManyRequests: heal blue?
(07:10 / Allies) TooManyRequests: heal
(07:11 / Allies) TooManyRequests: my bm
(07:37 / Allies) TooManyRequests: expo
(10:50 / Allies) TooManyRequests: gold plz
(11:05 / Allies) TooManyRequests: halp
(11:09 / Allies) TooManyRequests: oj?
(11:12 / Allies) TooManyRequests: seriously/
(11:21 / Allies) Ra.: They are not very good at defending a chosen follower
(11:34 / Allies) Ra.: Should they continue this I can only imagine the retribution that may be bestowed upon them for such insolence
(12:06 / Allies) TooManyRequests: tauren ppumping
(12:12 / Allies) TooManyRequests: you guys have AA covered?
(12:22 / Allies) Ra.: I can get hawks if we need them
(12:58 / Allies) TooManyRequests: any wood
(13:12 / Allies) TooManyRequests: no gold for tp my lord
(13:21 / Allies) TooManyRequests: i shall use my staff
(13:31 / Allies) Ra.: Good work
(14:22 / All) TooManyRequests: PRAISE BE TO RA
(14:26 / All) TooManyRequests: i offer you up to him
(14:27 / All) Ra.: PRAISE BE TO RA
(14:42 / All) Ra.: You shall not smite the archmage who serves one such as I
(14:51 / All) Ra.: For I am a formidable deity who cannot be slain
(14:53 / All) HopeBeThe1: LOL
(15:10 / Allies) TooManyRequests: B
(15:11 / Allies) TooManyRequests: WE WILL TP
(15:27 / Allies) TooManyRequests: i am there
(15:28 / Allies) TooManyRequests: to defend thee
(15:30 / Allies) TooManyRequests: my lord
(15:58 / All) Ra.: My might prevails over all
(16:13 / Allies) TooManyRequests: DRAGONS
(16:15 / Allies) TooManyRequests: MASSIVE DRAGONS
(16:16 / Allies) TooManyRequests: MY LORD
(16:24 / Allies) Ra.: They are no threat
(16:34 / Allies) TooManyRequests: they approach my gates!
(16:44 / Allies) Ra.: Let us strike back twenty-fold as strong
(17:10 / Allies) TooManyRequests: tp
(17:41 / Allies) TooManyRequests: lord
(18:05 / Allies) Ra.: They are but fleas
(18:32 / Allies) TooManyRequests: spare gold
(18:33 / Allies) TooManyRequests: anyone
(18:47 / Allies) TooManyRequests: lord
(18:48 / Allies) TooManyRequests: can you share
(18:49 / Allies) TooManyRequests: your 5k
(19:28 / Allies) agentknox666: purp really?
(19:31 / Allies) agentknox666: 5k
(19:34 / Allies) agentknox666: build more
(19:36 / Allies) agentknox666: make grphy
(19:38 / Allies) TooManyRequests: let us meet
(19:39 / Allies) TooManyRequests: and smite them
(19:42 / Allies) Ra.: It's my divine treasury
(19:47 / Allies) Ra.: I need such things as gold idols
(19:52 / Allies) Ra.: It requires an enormous amount stockpiled
(20:13 / All) HeruRaHa: Pussies c an't go anywhere alone?
(20:40 / Allies) agentknox666: make units
(20:41 / Allies) TooManyRequests: tp out
(20:42 / Allies) TooManyRequests: my lord
(20:43 / Allies) TooManyRequests: to us
(20:44 / Allies) TooManyRequests: join us
(20:56 / Allies) TooManyRequests: lend your strength
(20:57 / Allies) TooManyRequests: to ours
(21:04 / Allies) TooManyRequests: tp
(21:04 / Allies) TooManyRequests: tp
(21:44 / Allies) agentknox666: sorry purp
(21:48 / Allies) TooManyRequests: share gold my lord and i shall get a teleport
(21:50 / Allies) TooManyRequests: to smite his meele
(21:52 / Allies) Ra.: Too late
(21:57 / Allies) Ra.: You are all insolent wretches
(22:10 / Allies) Ra.: If they attack my expo I command you all help at once, or else
(22:16 / Allies) TooManyRequests: gold plz
(22:27 / All) HeruRaHa: You 3 are the biggest pusses around
(22:41 / All) agentknox666: mad bro?
(22:44 / All) HeruRaHa: YEah
(22:47 / Allies) TooManyRequests: purp gold
(22:51 / All) HeruRaHa: Have to a move with 3 of you
(22:52 / All) Ra.: Always shit allies
(22:58 / Allies) TooManyRequests: i got you
(22:59 / Allies) TooManyRequests: gold me
(23:18 / Allies) TooManyRequests: getting a tp
(23:18 / Allies) TooManyRequests: brb
(24:11 / Allies) TooManyRequests: b
(24:12 / Allies) TooManyRequests: ?
(24:15 / Allies) TooManyRequests: back
(26:05 / Allies) TooManyRequests: fuck
(26:06 / Allies) TooManyRequests: get destroyers
(26:07 / Allies) TooManyRequests: already
(26:15 / Allies) Ra.: Too bad I can't help because you all let my base die
(27:13 / Allies) TooManyRequests: i'm b
(28:14 / Allies) TooManyRequests: purp share gold plz
(28:24 / Allies) Ra.: I'm not giving you disbelievers anything.
(28:29 / Allies) TooManyRequests: dude i fucking tp'd to save your shit
(28:31 / Allies) Ra.: You did not help Ra in his time of need.
(28:33 / Allies) TooManyRequests: and i can get bats
(28:37 / Allies) Ra.: My castle was destroyed.
(28:55 / Allies) YaYiP: i need gold or im done
(28:57 / Allies) TooManyRequests: destroys oj
(29:01 / Allies) Ra.: I'd rather see you done
(29:02 / Allies) YaYiP: no oj
(29:05 / Allies) YaYiP: thats mine
(29:06 / Allies) agentknox666: yes
(29:08 / Allies) agentknox666: nope
(29:12 / Allies) agentknox666: i opened the other one
(29:15 / Allies) agentknox666: ill give u gold blue
(29:16 / Allies) agentknox666: relax
(29:18 / Allies) TooManyRequests: please don't fight
(29:27 / Allies) YaYiP: i have no gold
(30:20 / Allies) YaYiP: im done
(30:23 / Allies) YaYiP: game over
(30:39 / Allies) Ra.: If only ye had all helped thy ruler Ra
(30:41 / Allies) YaYiP: purp share or we lose
(30:48 / Allies) YaYiP: then we lose
(30:53 / Allies) Ra.: I'd want it no different
(31:03 / Allies) TooManyRequests: i believe in you
(31:05 / Allies) TooManyRequests: and you let me down
(31:19 / Allies) Ra.: Maybe I have another more devoted follower this game
(31:23 / Allies) Ra.: Maybe you do not know who he is
(33:18 / Allies) TooManyRequests: we got this
(33:34 / Allies) Ra.: I may be immortal, alas I cannot say the same of those around me
(34:40 / Allies) TooManyRequests: no tp on yellow
(35:11 / Allies) TooManyRequests: shit
(35:34 / Allies) TooManyRequests: gold plz for heroes
(35:53 / Allies) TooManyRequests: got his main
(35:55 / All) HeruRaHa: Fucking nuisance pink
(36:35 / Allies) TooManyRequests: i have an idea
(36:37 / Allies) TooManyRequests: hide in your base
(36:39 / Allies) TooManyRequests: i'll windwalk
(36:39 / Allies) TooManyRequests: to his
(36:41 / Allies) TooManyRequests: and you can mass tp
(36:42 / Allies) TooManyRequests: in the tanks
(36:49 / Allies) TooManyRequests: my bm will be up soon
(37:30 / Allies) TooManyRequests: ready?
(37:31 / Allies) TooManyRequests: i got his shade
(37:34 / Allies) TooManyRequests: he an't stop us now
(37:44 / Allies) Ra.: Yellow is my chosen desciple
(37:48 / Allies) Ra.: For he is the colour of the Sun, of Ra
(37:51 / Allies) Ra.: It has been chosen
(37:57 / Allies) TooManyRequests: get ready to mass tp
(38:15 / Allies) TooManyRequests: mass tp
(39:44 / Allies) TooManyRequests: mass tp and we in
(39:45 / Allies) TooManyRequests: win
(39:55 / Allies) Ra.: Yellow is my chosen disciple
(40:05 / Allies) Ra.: Such trivial pursuits of victory fit outside the master plan
(40:08 / Allies) TooManyRequests: kill him then?
(40:35 / All) HeruRaHa: For your crimes you shall be lashed to the slave stick
(42:33 / Allies) TooManyRequests: go tit
(42:34 / Allies) TooManyRequests: got it
(42:43 / All) HeruRaHa: brb
(42:46 / Allies) TooManyRequests: why won't u mass tp to my bm
(42:52 / Allies) Ra.: Yellow is my chosen disciple
(44:01 / Allies) Ra.: That is mine
(48:20 / Allies) TooManyRequests: dude why
(50:47 / Allies) TooManyRequests: that's a pretty dick move man
(51:52 / All) HeruRaHa: is there a timer where you can defeat that
(52:00 / All) HeruRaHa: or is it slowly killing forever
(53:47 / All) Ra.: got it with copters LOL
(53:49 / All) Ra.: and surrounded tc
(53:58 / All) Ra.: TC is yours to get
(54:01 / All) Ra.: It's in prison at my base
(54:03 / All) Ra.: Free XP
(54:41 / All) Ra.: God dammit it got unstuck
(54:43 / All) Ra.: I thought you'd get it
(54:50 / All) Ra.: going to bot right shop now
(55:06 / All) Ra.: tc
(55:09 / All) HeruRaHa: why do some units in groups randomly stop?
(55:29 / All) Ra.: He staffed to top left
(55:32 / All) Ra.: at oj
(55:57 / All) Ra.: Not often I chase with copters
(55:57 / All) Ra.: Got it
(56:03 / All) HeruRaHa: bm alive?
(56:05 / All) Ra.: oh shit
(56:08 / All) Ra.: altar
(56:14 / All) Ra.: WILL I GET IT
(56:16 / All) Ra.: PHEW
(56:17 / All) Ra.: Got it
(56:23 / All) Ra.: It was 1 second away from finishing
(57:02 / All) HeruRaHa: Teal thought we had a close game on the up and up
(57:02 / All) Ra.: There we go
(57:04 / All) Ra.: Ahhhhhhh
(57:06 / All) Ra.: Peace at last
(57:07 / All) HeruRaHa: That must be disappointing
(57:50 / All) Ra.: trying to tavern heroes
(58:14 / All) Ra.: I don't think he even has any burrows
(58:19 / All) Ra.: Just trying in vain
(58:21 / All) Ra.: Got his peons
(58:46 / All) Ra.: My side is done now
(60:11 / All) HeruRaHa: just my wyrms and hero
(60:50 / All) Ra.: I'm gonna get some gryphons before I finish my army
(60:53 / All) Ra.: since it will speed it up
(60:56 / All) Ra.: Copters take forever to kill tanks
(61:05 / All) HeruRaHa: I can kill them
(61:36 / All) Ra.: Leave it for a sec
(61:38 / All) Ra.: to get my gryphons
(61:51 / All) HeruRaHa: do you have any towers
(61:55 / All) Ra.: Nay
(61:58 / All) Ra.: i could make some though
(62:15 / All) HeruRaHa: you'll need them
(62:36 / All) Ra.: I usually just have them by default
(62:57 / All) HeruRaHa: make a ring of toewrs
(63:07 / All) Ra.: Doing that below my expo
(63:58 / All) Ra.: Just my army now
(65:25 / All) Ra.: There we go
(65:29 / All) Ra.: Good luck everyone
(65:32 / All) Ra.: You have equal chances to win
(65:40 / All) Ra.: PRAISE BE RA!